 Dungeon Crawl Stone Soup version 0.19.0-20-gbc5f0c6 (webtiles) character file.

4984 Edgeworth the Blocker (level 10, -16/91 HPs)
             Began as a Deep Dwarf Fighter on Nov 17, 2016.
             Was an Elder of Okawaru.
             Demolished by a very large slime creature (50 damage)
             ... summoned by a boggart
             ... on level 9 of the Dungeon.
             The game lasted 00:29:48 (6533 turns).

Edgeworth the Blocker (Deep Dwarf Fighter)          Turns: 6533, Time: 00:29:49

Health: -16/91     AC: 15    Str: 19    XL:     10   Next: 29%
Magic:  7/7        EV: 11    Int: 12    God:    Okawaru [****..]
Gold:   366        SH: 15    Dex: 15    Spells: 0 memorised, 9 levels left

rFire  . . .     SeeInvis .     N - +4 mace "Guschom" {freeze, rPois}
rCold  . . .     Gourm    .     H - +3 scale mail
rNeg   . . .     Faith    .     c - +0 shield
rPois  +         Spirit   .     w - +2 helmet
rElec  .         Reflect  +     O - +0 cloak
rCorr  .         Harm     .     (no gloves)
MR     +....                    (no boots)
Stlth  ..........               n - +3 amulet of reflection
                                F - ring of wizardry
                                l - +2 ring of intelligence

@: non-regenerating
A: damage resistance, recharge devices, sense surroundings 2, slow regeneration
3
a: Device Recharging, Heroism, Renounce Religion


You were on level 9 of the Dungeon.
You worshipped Okawaru.
Okawaru was greatly pleased with you.
You were not hungry.

You visited 2 branches of the dungeon, and saw 10 of its levels.
You also visited: Sewer.

You collected 492 gold pieces.
You spent 126 gold pieces at shops.

Inventory:

Hand Weapons
 a - a +0 war axe
 N - the +4 mace "Guschom" (weapon) {freeze, rPois}
   (You found it on level 7 of the Dungeon)

   It has been specially enchanted to freeze those struck by it, causing extra
   injury to most foes and up to half again as much damage against particularly
   susceptible opponents.
   It can also slow down cold-blooded creatures.
   It protects you from poison.
Armour
 c - a +0 shield (worn)
 w - a +2 helmet (worn)
 H - a +3 scale mail (worn)
 O - a +0 cloak (worn)
Jewellery
 l - a +2 ring of intelligence (left hand)
 n - a +3 amulet of reflection (around neck)
 F - a ring of wizardry (right hand)
Wands
 e - a wand of heal wounds (3/9)
 h - a wand of flame (23/48)
 k - a wand of teleportation (5/9)
 z - a wand of lightning (6/15)
Scrolls
 g - 9 scrolls of identify
 m - a scroll of amnesia
 p - 2 scrolls of enchant armour {unknown}
 q - 3 scrolls of fog
 r - 4 scrolls of teleportation
 u - 4 scrolls of remove curse
 v - 2 scrolls of blinking
 y - 3 scrolls of recharging {unknown}
 C - a scroll of magic mapping
 I - a scroll of random uselessness {unknown}
 J - a scroll of noise {unknown}
 L - a scroll of fear {unknown}
Potions
 d - 2 potions of might
 i - 4 potions of curing
 o - 2 potions of mutation
 s - 3 potions of lignification
 t - 2 potions of ambrosia
 A - 3 potions of heal wounds
 B - a potion of magic
 D - a potion of beneficial mutation {unknown}
 E - 2 potions of berserk rage {unknown}
 G - a potion of agility
Books
 b - the Catalogue of Dislocation and Heat
   (You found it on level 6 of the Dungeon)

   Spells                             Type                      Level
   a - Flame Tongue                   Conjuration/Fire             1
   b - Shroud of Golubria             Charms/Translocation         2
   c - Sticky Flame                   Conjuration/Fire             4
   d - Summon Forest                  Summoning/Translocation      5
   e - Controlled Blink               Translocation                8
Comestibles
 f - 10 bread rations
 j - 10 beef jerkies
 x - 2 meat rations
 K - a slice of pizza


   Skills:
 + Level 5.6 Fighting
 + Level 4.1(7.4) Axes
 + Level 8.7(9.1) Maces & Flails
 + Level 7.2 Armour
 + Level 4.0 Dodging
 + Level 9.3 Shields
 + Level 1.8 Evocations


You had 9 spell levels left.
You didn't know any spells.

Dungeon Overview and Level Annotations

Branches:
Dungeon (9/15)             Temple (1/1) D:5            Lair (0/6) D:8
    Orc: D:9-12

Altars:
Ashenzari
Cheibriados
Dithmenos
Elyvilon
Fedhas
Gozag
Nemelex Xobeh
Okawaru
Qazlal
Ru
Sif Muna
Trog
Uskayaw
Vehumet
Xom
Zin
The Shining One

Shops:
D:4 !   D:7 :


Innate Abilities, Weirdness & Mutations

You are resistant to damage.
You can recharge devices by infusing magical energy.
You passively map the area around you.
You do not regenerate.


Message History

You barely miss the slime creature.
A sky beast appears from thin air!
Reactivating autopickup.
You block the sky beast's attack.
The slime creature hits you but does no damage.
You sock the slime creature! You freeze the slime creature.
The slime creature is lightly wounded.
The sky beast barely misses you.
You block the very large slime creature's attack.
The slime creature hits you!
You sock the slime creature! You freeze the slime creature.
The slime creature is moderately wounded.
The sky beast closely misses you.
You block the very large slime creature's attack.
You block the slime creature's attack.
You sock the slime creature! You freeze the slime creature.
The slime creature is heavily wounded.
The sky beast hits you but does no damage.
The very large slime creature hits you!!!
Ouch! That really hurt!
You die...

, , #.# * * ##.##
#...############ *
#.#............# ,* #.#
#.#.#######'##.# #. #.#
#.#.#.....†..#.# .####.#
#.#.#.######.#.# *
.....###.#.#JYgJ..#.#.# ,,
..........#@#J...#.#.##
#.#.####..#J#....#.#..#
#.###.#.#####.#.#....+.#..#
*#.............#.######.#..#
#####.........#........#.}#
#.......##.##'#######..#
#.......##.......(.....#
#.......##.###########.#
#..........# #.#


You could see a very large slime creature, a slime creature, a sky beast, a
boggart and a jelly.

Vanquished Creatures
  A centaur warrior (D:9)
  Pikel (D:6)
  A troll (D:9)
  Grinder (D:5)
  Prince Ribbit (D:7)
  Sigmund (D:2)
  A hungry ghost (D:9)
  An orc warrior (D:9)
  An eye of draining (D:9)
  4 phantoms
  A sky beast (D:7)
  A necrophage (D:9)
  4 ogres
  3 centaurs
  A big kobold (Sewer)
  A gnoll sergeant (D:7)
  2 bullfrogs (D:8)
  A wyvern skeleton (D:7)
  2 scorpions (D:9)
  4 crimson imps
  A quasit (D:7)
  4 hounds
  Crazy Yiuf (D:7)
  7 orc priests
  Ijyb (D:2)
  Jessica (D:2)
  5 orc wizards
  3 worker ants
  A killer bee simulacrum (D:9)
  A worker ant zombie (D:9)
  2 howler monkey zombies (D:8)
  7 gnolls
  5 river rats (Sewer)
  18 adders
  4 shadow imps
  3 oozes
  2 adder skeletons
  3 worms
  8 leopard geckos
  19 orcs
  8 giant cockroaches
  14 hobgoblins
  10 jackals
  A quokka (D:7)
  5 bats
  2 frilled lizards
  9 goblins
  16 kobolds
  12 rats
206 creatures vanquished.

Vanquished Creatures (others)
  A phantom (D:6)
  An iguana (D:6)
2 creatures vanquished.

Grand Total: 208 creatures vanquished

Notes
Turn   | Place    | Note
-------+----------+-------------------------------------------
     0 | D:1      | Edgeworth the Deep Dwarf Fighter began the quest for the Orb.
     0 | D:1      | Reached XP level 1. HP: 20/20 MP: 1/1
   168 | D:1      | Reached XP level 2. HP: 27/27 MP: 2/2
   513 | D:1      | Reached XP level 3. HP: 24/34 MP: 3/3
   976 | D:2      | Noticed Sigmund
   985 | D:2      | Killed Sigmund
   985 | D:2      | Reached skill level 1 in Dodging
   985 | D:2      | Reached skill level 4 in Shields
   985 | D:2      | Reached XP level 4. HP: 11/42 MP: 4/4
   985 | D:2      | Reached XP level 5. HP: 12/49 MP: 5/5
  1002 | D:2      | Found a bloodstained altar of Trog.
  1125 | D:2      | Noticed Jessica
  1152 | D:2      | Killed Jessica
  1175 | D:2      | Noticed Ijyb
  1242 | D:2      | Killed Ijyb
  1280 | D:2      | Reached XP level 6. HP: 54/56 MP: 6/6
  1297 | D:2      | Found a shattered altar of Ashenzari.
  1307 | D:2      | Found a stormy altar of Qazlal.
  1307 | D:2      | Found a shadowy altar of Dithmenos.
  1468 | D:3      | Reached skill level 5 in Shields
  1980 | D:3      | Found a faded altar of an unknown god.
  2076 | D:3      | Reached skill level 1 in Maces & Flails
  2452 | D:4      | Found Xaemuo's Distillery.
  2457 | D:4      | Bought a potion of heal wounds for 60 gold pieces
  2457 | D:4      | Bought a potion of curing for 36 gold pieces
  2457 | D:4      | Bought a potion of mutation for 30 gold pieces
  2511 | D:4      | Found a sacrificial altar of Ru.
  2704 | D:4      | Found a glowing drain.
  2708 | Sewer    | Entered a sewer
  2834 | Sewer    | Reached skill level 5 in Armour
  2834 | Sewer    | Reached XP level 7. HP: 24/62 MP: 7/7
  3469 | D:5      | Entered Level 5 of the Dungeon
  3564 | D:5      | Found a hide-covered altar of Uskayaw.
  3574 | D:5      | Noticed Grinder
  3606 | D:5      | Killed Grinder
  3606 | D:5      | Reached skill level 6 in Shields
  3854 | D:5      | Reached XP level 8. HP: 35/72 MP: 7/7
  3869 | D:5      | Found a staircase to the Ecumenical Temple.
  3893 | Temple   | Entered the Ecumenical Temple
  3923 | Temple   | Became a worshipper of Warmaster Okawaru
  4282 | D:6      | Found a stormy altar of Qazlal.
  4414 | D:6      | Reached skill level 5 in Maces & Flails
  4457 | D:6      | Reached skill level 7 in Shields
  4473 | D:6      | Reached * piety under Okawaru
  4590 | D:6      | Noticed Pikel
  4622 | D:6      | Killed Pikel
  4622 | D:6      | Reached ** piety under Okawaru
  4622 | D:6      | Reached skill level 1 in Evocations
  4622 | D:6      | Gained mutation: You passively map the area around you. [Deep Dwarf growth]
  4622 | D:6      | Reached XP level 9. HP: 31/79 MP: 6/8
  4680 | D:6      | Identified the Catalogue of Dislocation and Heat
  4708 | D:6      | Found a deep blue altar of Sif Muna.
  4934 | D:6      | Found a sparkling altar of Nemelex Xobeh.
  5002 | D:6      | You fall through a shaft!
  5260 | D:7      | Found Liuddeyr's Book Shoppe.
  5263 | D:7      | Noticed Prince Ribbit
  5276 | D:7      | Killed Prince Ribbit
  5276 | D:7      | Reached *** piety under Okawaru
  5276 | D:7      | Reached skill level 8 in Shields
  5508 | D:7      | Found a runed door.
  5512 | D:7      | Noticed Crazy Yiuf
  5523 | D:7      | Killed Crazy Yiuf
  5528 | D:7      | Got a warped mace
  5529 | D:7      | Identified the +4 mace "Guschom" {freeze, rPois} (You found it on level 7 of the Dungeon)
  5654 | D:7      | Reached skill level 5 in Fighting
  5783 | D:8      | Found a staircase to the Lair.
  6258 | D:9      | Noticed a troll
  6265 | D:9      | Killed a troll
  6293 | D:9      | Reached XP level 10. HP: 67/88 MP: 7/7
  6437 | D:9      | Reached **** piety under Okawaru
  6469 | D:9      | Noticed a centaur warrior
  6494 | D:9      | Reached skill level 9 in Shields
  6506 | D:9      | Killed a centaur warrior
  6533 | D:9      | Demolished by a very large slime creature

Skill      XL: |  1  2  3  4  5  6  7  8  9 10 |
---------------+-------------------------------+-----
Fighting       | 3 4 5 |  5.6
Axes           | 3 4 |  4.1
Armour         | 4 5 6 7 |  7.2
Dodging        | 1 2 3 4 |  4.0
Shields        | 4 5 6 7 8 9 |  9.3
Maces & Flails | 2 4 6 8 |  8.7
Evocations     | 1 |  1.8

Action                   |  1- 3 |  4- 6 |  7- 9 | 10-12 || total
-------------------------+-------+-------+-------+-------++-------
Melee: War axe           |   101 |    41 |       |       ||   142
       Mace              |       |   303 |   515 |    85 ||   903
       Flail             |       |       |    82 |       ||    82
 Abil: Device Recharging |       |       |     4 |       ||     4
Evoke: Wand              |       |     3 |    13 |       ||    16
  Use: Scroll            |       |     2 |     7 |       ||     9
       Potion            |       |       |     5 |       ||     5
  Eat: Chunk             |       |     7 |     3 |       ||    10
       Bread ration      |       |       |     1 |       ||     1
       Fruit             |       |       |     8 |       ||     8
       Meat ration       |       |       |       |     1 ||     1
Armor: Scale mail        |    45 |   127 |   112 |    24 ||   308
       Chain mail        |       |       |    41 |       ||    41
       Plate armour      |       |       |     4 |       ||     4
Dodge: Dodged            |    29 |    84 |   118 |    12 ||   243
Block: Shield            |    70 |   216 |   373 |    45 ||   704
       Reflection        |       |       |     5 |       ||     5
